[Event "Titled Tuesday Blitz October 04 Early 2022"]
[White "Abdisalimov, Abdimalik"]
[Black "Bortnyk, Olexandr"]
[WhiteFideId "14206323"]
[BlackFideId "14120828"]
[WhiteElo "2401"]
[BlackElo "2723"]
[Result "0-1"]
[Round "07"]
[TimeControl "180+1"]
[Date "2022.10.04"]
[WhiteClock "0:00:02"]
[BlackClock "0:00:20"]

1. e4 Nf6 2. e5 Nd5 3. d4 d6 4. c4 Nb6 5. exd6 exd6 6. Nc3 Be7 7. Bd3 O-O 8. Nge2 c6 9. O-O Na6 10. b3 d5 11. c5 Nd7 12. a3 Nc7 13. b4 Bf6 14. Be3 Re8 15. Re1 Nf8 16. h3 Bd7 17. a4 Nce6 18. b5 b6 19. cxb6 axb6 20. Qb3 c5 21. Qxd5 cxd4 22. Nxd4 Nc5 23. Bc4 Nfe6 24. Red1 Qc7 25. Rac1 Qa7 26. Nc6 Bxc6 27. bxc6 Bxc3 28. Rxc3 Qxa4 29. Bxc5 bxc5 30. Bb3 Qa7 31. Qf3 Nd4 32. Rxd4 cxd4 33. Rc1 Qc7 34. Rd1 Rad8 35. Bd5 Re5 36. Bb3 Rc5 37. g3 Rc3 0-1


[Site "https://www.chess.com"]

[Event "Titled Tuesday Blitz October 04 Early 2022"]
[White "Bacrot, Etienne"]
[Black "Makarian, Rudik"]
[WhiteFideId "605506"]
[BlackFideId "44105681"]
[WhiteElo "2666"]
[BlackElo "2405"]
[Result "1-0"]
[Round "07"]
[TimeControl "180+1"]
[Date "2022.10.04"]
[WhiteClock "0:00:07"]
[BlackClock "0:00:08"]

1. Nf3 Nf6 2. g3 g6 3. Bg2 Bg7 4. O-O c5 5. d3 Nc6 6. e4 O-O 7. Nbd2 d6 8. c3 Rb8 9. h3 b5 10. Re1 b4 11. Qc2 Nd7 12. Nc4 Ba6 13. Bg5 bxc3 14. bxc3 Bxc4 15. dxc4 Qa5 16. e5 dxe5 17. Rad1 Nb6 18. Nd2 Rfc8 19. Bxc6 Rxc6 20. Bxe7 Re6 21. Nb3 Qa4 22. Bd6 Rc8 23. Qe2 Bf8 24. Bxf8 Kxf8 25. Qe3 Qxc4 26. Qh6+ Kg8 27. Nd2 Qa4 28. Ne4 f6 29. Nxc5 Rxc5 30. Rd8+ Re8 31. Red1 Rc8 32. R8d6 e4 33. R1d4 Qxa2 34. Rd7 Nxd7 35. Rxd7 Qf7 36. Rxf7 Kxf7 37. Qxh7+ Ke6 38. Qxg6 Ra8 39. Qxe4+ Kd6 40. Qd4+ Kc6 41. Qxf6+ Kc5 42. Qd4+ Kb5 43. Qb4+ Kc6 44. Qa5 a6 45. Kg2 Reb8 46. c4 Rf8 47. h4 Rfe8 48. h5 Rh8 49. h6 Kb7 50. Qd5+ Kb6 51. Qd6+ Ka5 52. g4 Ka4 53. g5 a5 54. g6 Kb3 55. g7 Rhg8 56. Qd3+ Kb4 57. Qd6+ Kb3 58. Qb6+ Kc2 59. Qg6+ Kb3 60. h7 a4 61. hxg8=Q Rxg8 62. c5 a3 63. Qf7+ 1-0


[Site "https://www.chess.com"]

[Event "Titled Tuesday Blitz October 04 Early 2022"]
[White "Baskakov, Egor"]
[Black "Kravtsiv, Martyn"]
[WhiteFideId "24197866"]
[BlackFideId "14113147"]
[WhiteElo "2211"]
[BlackElo "2694"]
[Result "0-1"]
[Round "07"]
[TimeControl "180+1"]
[Date "2022.10.04"]
[WhiteClock "0:00:18"]
[BlackClock "0:00:25"]

1. e4 e5 2. Nc3 Nf6 3. g3 d5 4. exd5 Nxd5 5. Bg2 Nxc3 6. bxc3 Bc5 7. d3 O-O 8. Ne2 Nc6 9. O-O Bg4 10. h3 Be6 11. c4 Re8 12. Be3 Bxe3 13. fxe3 e4 14. Nf4 Qg5 15. Kh2 exd3 16. cxd3 Rad8 17. Qe2 Ne5 18. Rad1 b6 19. Bd5 Bxd5 20. cxd5 Ng6 21. e4 Qe7 22. Nxg6 hxg6 23. Qc2 f5 24. Rde1 Qd6 25. Qc4 Re5 26. exf5 Rxe1 27. Rxe1 gxf5 28. Re6 Qc5 29. Qxc5 bxc5 30. Rc6 Rxd5 31. Rxc7 a6 32. Rc6 Rxd3 33. Rxa6 Kf7 34. Rc6 Rd2+ 35. Kg1 Rc2 36. a4 Ke7 37. a5 Kd7 38. Rg6 c4 39. Rxg7+ Kc6 40. Rg8 Kb5 41. Rc8 Kxa5 42. Rc5+ Kb4 43. Rxf5 c3 44. Rf8 Rd2 45. Rc8 c2 46. h4 Rd1+ 47. Kg2 c1=Q 48. Rxc1 Rxc1 49. Kf3 Kc5 50. Kf4 Kd6 51. Kg5 Ke7 52. g4 Kf7 53. Kh6 Rc6+ 54. Kh5 Kg7 55. g5 Rc4 56. g6 Rc6 0-1


[Site "https://www.chess.com"]

[Event "Titled Tuesday Blitz October 04 Early 2022"]
[White "Batsuren, Dambasuren"]
[Black "Vasquez Schroeder, Rodrigo"]
[WhiteFideId "4902920"]
[BlackFideId "3400042"]
[WhiteElo "2422"]
[BlackElo "2577"]
[Result "1-0"]
[Round "07"]
[TimeControl "180+1"]
[Date "2022.10.04"]
[WhiteClock "0:00:07"]
[BlackClock "0:00:15"]

1. d4 Nf6 2. c4 e6 3. g3 c5 4. d5 exd5 5. cxd5 d6 6. Nc3 g6 7. Bg2 Bg7 8. Nf3 O-O 9. O-O Re8 10. Re1 a6 11. a4 Nbd7 12. e4 Ng4 13. Nh4 Nge5 14. f4 Nc4 15. Bf1 Na5 16. Qc2 c4 17. Be3 Qc7 18. Rad1 Nb3 19. Nf3 Rb8 20. e5 dxe5 21. d6 Qc6 22. Nd5 Qxd6 23. Bxc4 Na5 24. Ba2 Nc6 25. Ng5 Rf8 26. Ne4 Qe6 27. Ndf6+ Nxf6 28. Bxe6 Bxe6 29. Nxf6+ Bxf6 30. fxe5 Bxe5 31. Bc5 Rfe8 32. Qf2 Rbd8 33. b4 Bc3 34. Rxd8 Rxd8 35. Rc1 Bxb4 36. Bxb4 Nxb4 37. Qb6 Nc6 38. Qxb7 Nd4 39. Qxa6 Bg4 40. Kf2 Nb3 41. Rc2 Nd2 42. Qc6 Bf5 43. Rb2 Ne4+ 44. Ke1 Rd6 45. Qc7 Rd5 46. Rb8+ Kg7 47. Rd8 Rc5 48. Qf4 g5 49. Qe3 Rc3 50. Qd4+ f6 51. g4 Rc1+ 52. Ke2 Bxg4+ 53. Kd3 Bf5 54. Ke3 Re1+ 55. Kf3 Rf1+ 56. Kg2 Rf4 57. Qa7+ Kh6 58. h3 g4 59. hxg4 Rxg4+ 60. Kf1 Ng5 61. Qe3 Re4 62. Qb3 Kg6 63. a5 Rf4+ 64. Ke1 Rf3 65. Qb4 Ne4 66. Re8 Re3+ 67. Kf1 Ng3+ 68. Kf2 Rxe8 69. Kxg3 Re4 70. Qb5 Rg4+ 71. Kf2 h5 72. Qe8+ Kg5 73. a6 Rf4+ 74. Ke3 Re4+ 75. Qxe4 Bxe4 76. Kxe4 h4 77. a7 Kg4 78. a8=Q h3 79. Qg8+ 1-0


[Site "https://www.chess.com"]

[Event "Titled Tuesday Blitz October 04 Early 2022"]
[White "Bharath Subramaniyam H"]
[Black "Sarana, Alexey"]
[WhiteFideId "46634827"]
[BlackFideId "24133795"]
[WhiteElo "2395"]
[BlackElo "2689"]
[Result "1-0"]
[Round "07"]
[TimeControl "180+1"]
[Date "2022.10.04"]
[WhiteClock "0:00:06"]
[BlackClock "0:00:03"]

1. d4 Nf6 2. Nc3 d5 3. Bf4 e6 4. Nb5 Bb4+ 5. c3 Ba5 6. e3 O-O 7. Nf3 Nbd7 8. Bd3 a6 9. Na3 Ne4 10. O-O f5 11. Ne5 Nxe5 12. Bxe5 Bd7 13. f3 Nd6 14. Qe2 Nf7 15. Bg3 Qg5 16. e4 f4 17. Be1 Nd6 18. c4 Bxe1 19. Raxe1 c6 20. c5 Nf7 21. e5 Nh6 22. Qd2 Be8 23. g4 Bg6 24. Bxg6 hxg6 25. Kh1 Qe7 26. Nc2 g5 27. b4 Nf7 28. a4 Nh8 29. Qd3 Qf7 30. b5 axb5 31. axb5 Ng6 32. Ra1 Nh4 33. b6 Rfb8 34. Ra7 Rxa7 35. bxa7 Ra8 36. Ra1 Qc7 37. Qb3 Kh7 38. Ne1 Kh6 39. Qb6 Qf7 40. Rb1 Qg6 41. Ra1 Qf7 42. Ra3 Qe7 43. Rb3 Qf7 44. Kg1 Qe7 45. Kf2 Qf7 46. Ke2 Qe7 47. Kd2 Qf7 48. Kc1 Qe7 49. Kb2 Qf7 50. Nc2 Ng2 51. Ra3 Qe7 52. Rb3 Qf7 53. Qxb7 Rxa7 54. Qxf7 Rxf7 55. Rb6 Rc7 56. Nb4 Ne1 57. Nxc6 Nxf3 58. Kc3 Nxh2 59. Nd8 f3 60. Nxe6 Ra7 61. Nf8+ g6 62. Rxg6# 1-0


[Site "https://www.chess.com"]

[Event "Titled Tuesday Blitz October 04 Early 2022"]
[White "Bortnyk, Mykola"]
[Black "Martinez Alcantara, Jose Eduardo"]
[WhiteFideId "14120836"]
[BlackFideId "3805662"]
[WhiteElo "2582"]
[BlackElo "2703"]
[Result "1/2-1/2"]
[Round "07"]
[TimeControl "180+1"]
[Date "2022.10.04"]
[WhiteClock "0:00:06"]
[BlackClock "0:00:14"]

1. e4 e5 2. Nf3 Nf6 3. Nxe5 d6 4. Nf3 Nxe4 5. d4 Be7 6. Bd3 Nf6 7. c4 O-O 8. Nc3 Bg4 9. h3 Bh5 10. Be3 Nc6 11. O-O Bg6 12. a3 d5 13. c5 Ne4 14. Re1 Re8 15. Rc1 Bf6 16. b4 a6 17. Bb1 Nxc3 18. Rxc3 Be4 19. Rc1 Qd7 20. Bxe4 Rxe4 21. Nd2 Re6 22. Nf3 Rae8 23. Qd3 Re4 24. Red1 h6 25. b5 axb5 26. Qxb5 R4e6 27. Rb1 Ra8 28. Qxb7 Rxa3 29. Ra1 Rxa1 30. Rxa1 Bd8 31. Ra8 Kh7 32. Qb1+ Rg6 33. Bf4 Bf6 34. Be5 Bxe5 35. dxe5 Qe7 36. Qf5 Qe6 37. Qf4 Qxh3 38. Nh4 Qe6 39. Nxg6 Qxg6 40. Rc8 Qe6 41. Rxc7 Nxe5 42. Qe3 Qf5 43. f3 Ng6 44. c6 Nf4 45. Re7 Qg5 46. g4 Qh4 47. Qxf4 Qxe7 48. c7 Qe1+ 49. Kg2 Qe2+ 50. Kg1 Qe1+ 51. Kg2 Qe2+ 52. Kg3 Qe1+ 53. Kh3 Qh1+ 54. Kg3 Qg1+ 55. Kh3 Qh1+ 56. Kg3 Qg1+ 57. Kh3 Qh1+ 1/2-1/2


[Site "https://www.chess.com"]

[Event "Titled Tuesday Blitz October 04 Early 2022"]
[White "Eljanov, Pavel"]
[Black "Bodnaruk, Anastasia"]
[WhiteFideId "14102951"]
[BlackFideId "4181751"]
[WhiteElo "2601"]
[BlackElo "2332"]
[Result "1-0"]
[Round "07"]
[TimeControl "180+1"]
[Date "2022.10.04"]
[WhiteClock "0:00:07"]
[BlackClock "0:00:02"]

1. c4 e5 2. g3 d6 3. Bg2 Nc6 4. Nc3 g6 5. e3 Bg7 6. Nge2 f5 7. d3 Nf6 8. O-O O-O 9. Rb1 a5 10. a3 Be6 11. Nd5 Qd7 12. b4 axb4 13. axb4 g5 14. b5 Na5 15. Nec3 e4 16. b6 Bxd5 17. Nxd5 Nxd5 18. cxd5 exd3 19. Qxd3 cxb6 20. Bb2 Be5 21. Bxe5 dxe5 22. Rxb6 e4 23. Qd4 Qg7 24. Qb4 Rfc8 25. Rd1 Qc3 26. g4 Qc2 27. Rb1 Rf8 28. Qe7 fxg4 29. Qxg5+ Kh8 30. Qe5+ Kg8 31. R6b2 Qc4 32. Bxe4 Rae8 33. Qg5+ Kh8 34. Bg2 Rf7 35. d6 Qc3 36. Bf1 Nc6 37. Rxb7 Ne5 38. Rxf7 Nxf7 39. Qd5 Ne5 40. Bg2 Rd8 41. Rd1 Rd7 42. Qd4 Qxd4 43. Rxd4 h5 44. h3 Kg7 45. hxg4 hxg4 46. Kf1 Kf6 47. Ke2 Ke6 48. Bd5+ Kf6 49. Bb3 Rb7 50. Ba4 1-0


[Site "https://www.chess.com"]

[Event "Titled Tuesday Blitz October 04 Early 2022"]
[White "Gabrielian, Artur"]
[Black "Ivic, Velimir"]
[WhiteFideId "4131002"]
[BlackFideId "950122"]
[WhiteElo "2432"]
[BlackElo "2625"]
[Result "0-1"]
[Round "07"]
[TimeControl "180+1"]
[Date "2022.10.04"]
[WhiteClock "0:00:02"]
[BlackClock "0:01:36"]

1. e4 c5 2. Nf3 Nc6 3. Bb5 g6 4. O-O Bg7 5. d3 e5 6. a3 Nge7 7. b4 d6 8. Nc3 O-O 9. bxc5 dxc5 10. Rb1 Qd6 11. Bc4 b6 12. Nd5 Be6 13. Ne3 Bxc4 14. Nxc4 Qe6 15. Re1 Rad8 16. Bd2 h6 17. Qc1 g5 18. h3 f5 19. exf5 Rxf5 20. Nh2 Rdf8 21. f3 Nd5 22. Ng4 Nd4 23. Nh2 Rxf3 24. gxf3 Qxh3 25. Kh1 g4 26. Rg1 g3 27. Rg2 Nxf3 28. Ne3 Nxh2 29. Rxg3 Qxg3 30. Nxd5 Nf3 31. Ne7+ Kh7 0-1


[Site "https://www.chess.com"]

[Event "Titled Tuesday Blitz October 04 Early 2022"]
[White "Gan-Od, Sereenen"]
[Black "Kim, Sergey"]
[WhiteFideId "4901304"]
[BlackFideId "13700570"]
[WhiteElo "2316"]
[BlackElo "2623"]
[Result "1-0"]
[Round "07"]
[TimeControl "180+1"]
[Date "2022.10.04"]
[WhiteClock "0:01:06"]
[BlackClock "0:00:02"]

1. Nf3 Nf6 2. g3 g6 3. Bg2 Bg7 4. O-O O-O 5. d3 d6 6. c4 e5 7. Nc3 c6 8. Bg5 h6 9. Bxf6 Qxf6 10. Rb1 Qd8 11. b4 a6 12. a4 Nd7 13. b5 axb5 14. axb5 c5 15. Nd2 f5 16. Nd5 Nf6 17. Qc2 Nxd5 18. cxd5 f4 19. Ne4 g5 20. Ra1 Rb8 21. Qc4 Kh8 22. Ra7 g4 23. Qa4 f3 24. exf3 gxf3 25. Bh1 Bg4 26. Qa5 Qe7 27. Qb6 Rfd8 28. Rfa1 Bf8 29. Qa5 h5 30. Qd2 Bg7 31. Qg5 Qf7 32. Qe3 Qg6 33. Qg5 Qf7 34. b6 Qxd5 35. h3 Be6 36. Qxh5+ Kg8 37. Ng5 Bf5 38. Bxf3 Qd4 39. Qf7+ 1-0


[Site "https://www.chess.com"]

[Event "Titled Tuesday Blitz October 04 Early 2022"]
[White "Hakobyan, Aram"]
[Black "Duda, Jan-Krzysztof"]
[WhiteFideId "13306677"]
[BlackFideId "1170546"]
[WhiteElo "2563"]
[BlackElo "2779"]
[Result "0-1"]
[Round "07"]
[TimeControl "180+1"]
[Date "2022.10.04"]
[WhiteClock "0:00:14"]
[BlackClock "0:00:43"]

1. e4 c6 2. d4 d5 3. exd5 cxd5 4. Nf3 Nc6 5. c3 Bg4 6. h3 Bh5 7. Qb3 Qc7 8. Qxd5 Nf6 9. Qb5 Bxf3 10. gxf3 O-O-O 11. Be3 e5 12. dxe5 Nxe5 13. f4 Nf3+ 14. Ke2 Rd5 15. Qa4 Nh4 16. Nd2 Bc5 17. Qc4 Re8 18. Nb3 Re4 19. Nd4 b5 20. Qd3 Bxd4 21. cxd4 Rdxd4 22. Qb3 Nd5 23. Ke1 Qa5+ 24. Ke2 0-1


[Site "https://www.chess.com"]

[Event "Titled Tuesday Blitz October 04 Early 2022"]
[White "Hambleton, Aman"]
[Black "Wadsworth, Matthew J"]
[WhiteFideId "2606577"]
[BlackFideId "415804"]
[WhiteElo "2538"]
[BlackElo "2367"]
[Result "1-0"]
[Round "07"]
[TimeControl "180+1"]
[Date "2022.10.04"]
[WhiteClock "0:00:11"]
[BlackClock "0:00:05"]

1. d4 d5 2. Bf4 Nf6 3. e3 c5 4. c3 Qb6 5. Qb3 c4 6. Qxb6 axb6 7. Bxb8 Rxb8 8. a3 Bf5 9. Nd2 e6 10. Ngf3 h6 11. Be2 b5 12. O-O Nd7 13. Rfe1 Nb6 14. Bd1 Na4 15. Bxa4 bxa4 16. e4 dxe4 17. Ne5 b5 18. Nxe4 Rd8 19. Ng3 Bh7 20. f4 Be7 21. Nc6 Rd5 22. Nxe7 Kxe7 23. Re5 Rhd8 24. Rae1 R8d6 25. Nh5 g6 26. Ng3 f6 27. R5e3 g5 28. Rf1 Bd3 29. Rf2 Kf7 30. h3 Kg6 31. Ref3 e5 32. dxe5 fxe5 33. fxg5 hxg5 34. Re3 e4 35. Kh2 Re5 36. Nh1 Bb1 37. Rfe2 Bd3 38. Re1 Rf6 39. Kg1 g4 40. hxg4 Kg5 41. Nf2 Rf4 42. g3 Rxg4 43. Nxg4 Kxg4 44. Kf2 Rf5+ 45. Kg2 Re5 46. Rh1 Rd5 47. Rh4+ Kg5 48. Kf2 Bb1 49. Re2 Bd3 50. Re1 Rf5+ 51. Ke3 Rf3+ 52. Kd4 Rxg3 53. Rhxe4 Bxe4 54. Rxe4 Rg2 55. Re5+ Kf4 56. Rxb5 Rd2+ 57. Kxc4 Ke4 58. Rb4 Ke5 59. Kb5 Kd6 60. Kxa4 Kc5 61. Kb3 Rd7 62. a4 Rc7 63. Rb5+ Kc6 64. Kb4 Ra7 65. c4 Kc7 66. b3 1-0


[Site "https://www.chess.com"]

[Event "Titled Tuesday Blitz October 04 Early 2022"]
[White "Harsha Bharathakoti"]
[Black "Rastbod, Ali"]
[WhiteFideId "5078776"]
[BlackFideId "12567477"]
[WhiteElo "2523"]
[BlackElo "2248"]
[Result "1-0"]
[Round "07"]
[TimeControl "180+1"]
[Date "2022.10.04"]
[WhiteClock "0:00:02"]
[BlackClock "0:00:05"]

1. c4 e5 2. Nc3 Bb4 3. Nd5 Bc5 4. b4 Bd4 5. Rb1 c6 6. Ne3 d5 7. cxd5 cxd5 8. Nf3 Nf6 9. g3 O-O 10. Bg2 Bxe3 11. dxe3 Bf5 12. Ra1 Re8 13. O-O Be4 14. Bb2 Qd6 15. Qb3 Nbd7 16. Rfd1 Rac8 17. Bh3 Bc2 18. Qa3 Bxd1 19. Rxd1 Rc2 20. Ne1 Rc6 21. Nd3 a6 22. Qb3 b5 23. a4 Rc4 24. axb5 axb5 25. Qa2 Nf8 26. Qa5 Qb8 27. Qa1 N6d7 28. Bg2 Qd6 29. Qa5 Rb8 30. Qa1 d4 31. exd4 exd4 32. Nf4 Qxb4 33. Bxd4 Qa4 34. Bxg7 Qxa1 35. Bxa1 b4 36. Nd5 h6 37. Ne7+ Kh7 38. Bh3 Nc5 39. Bf5+ Ng6 40. h4 h5 41. Kg2 b3 42. Bb2 Na4 43. Bf6 b2 44. Nxg6 fxg6 45. Rd7+ Kg8 46. Be6+ Kf8 47. Rh7 1-0


[Site "https://www.chess.com"]

[Event "Titled Tuesday Blitz October 04 Early 2022"]
[White "Jobava, Baadur"]
[Black "Svane, Frederik"]
[WhiteFideId "13601520"]
[BlackFideId "12923044"]
[WhiteElo "2582"]
[BlackElo "2466"]
[Result "0-1"]
[Round "07"]
[TimeControl "180+1"]
[Date "2022.10.04"]
[WhiteClock "0:00:01"]
[BlackClock "0:00:23"]

1. e4 c5 2. c3 d5 3. exd5 Qxd5 4. d4 e6 5. Nf3 Nf6 6. Bd3 Be7 7. O-O O-O 8. Re1 Rd8 9. Na3 Nc6 10. Nb5 Qd7 11. Be3 a6 12. Na3 b5 13. Nc2 Bb7 14. a4 bxa4 15. h3 cxd4 16. Ncxd4 Nd5 17. Bd2 Nxd4 18. Nxd4 Bc5 19. Re4 Nf6 20. Rh4 e5 21. Bxh7+ Nxh7 22. Qh5 Be4 23. Qxe5 Bxd4 24. cxd4 Qxd4 25. Qxe4 Qxe4 26. Rxe4 Rxd2 27. Rexa4 Rb8 28. Rxa6 Rbxb2 29. Ra8+ Nf8 30. Rf1 g6 31. h4 Kg7 32. g3 Ne6 33. Kg2 Nc5 34. Kg1 Ne4 35. Ra3 Nxf2 36. Kg2 0-1


[Site "https://www.chess.com"]

[Event "Titled Tuesday Blitz October 04 Early 2022"]
[White "Jones, Gawain C B"]
[Black "Harsh Suresh"]
[WhiteFideId "409561"]
[BlackFideId "45018464"]
[WhiteElo "2657"]
[BlackElo "2180"]
[Result "1-0"]
[Round "07"]
[TimeControl "180+1"]
[Date "2022.10.04"]
[WhiteClock "0:00:46"]
[BlackClock "0:00:13"]

1. Nf3 d5 2. g3 Nf6 3. Bg2 g6 4. b3 Bg7 5. Bb2 O-O 6. O-O c5 7. e3 Nc6 8. c4 d4 9. exd4 Ng4 10. Na3 Nxd4 11. Nxd4 Bxd4 12. Bxd4 Qxd4 13. Nb5 Qd3 14. Re1 Nf6 15. Rxe7 Bg4 16. Qf1 Qxd2 17. h3 Bf5 18. g4 Bc2 19. Re2 Qd3 20. Na3 Bxb3 21. axb3 Qxb3 22. Re3 Qb6 23. Rb1 Qa6 24. Bxb7 Qd6 25. Bxa8 Rxa8 26. Nb5 Qf4 27. Nc3 Rd8 28. Rd1 Rd4 29. Ne2 Rxd1 30. Nxf4 Rxf1+ 31. Kxf1 Nd7 32. Re7 Nb6 33. Rxa7 Nxc4 34. Rc7 Nd2+ 35. Ke2 Nb3 36. Nd3 Nd4+ 37. Ke3 Ne6 38. Rc8+ Kg7 39. Nxc5 Ng5 40. h4 Nh3 41. Ne4 f5 42. Rc7+ Kf8 43. gxf5 gxf5 44. Nf6 f4+ 45. Kf3 Ng5+ 46. hxg5 h6 47. g6 h5 48. g7# 1-0


[Site "https://www.chess.com"]

[Event "Titled Tuesday Blitz October 04 Early 2022"]
[White "Kaidanov, Gregory"]
[Black "Svane, Rasmus"]
[WhiteFideId "2008564"]
[BlackFideId "4657101"]
[WhiteElo "2696"]
[BlackElo "2674"]
[Result "0-1"]
[Round "07"]
[TimeControl "180+1"]
[Date "2022.10.04"]
[WhiteClock "0:00:03"]
[BlackClock "0:00:15"]

1. Nf3 d5 2. g3 Nc6 3. d4 Bf5 4. Bg2 Nb4 5. Na3 e6 6. O-O h6 7. c3 Nc6 8. Nc2 Nf6 9. Bf4 Bd6 10. Bxd6 cxd6 11. Ne3 Be4 12. c4 Qb6 13. cxd5 exd5 14. Qd2 O-O 15. Rfd1 Rac8 16. Nh4 Rfe8 17. Nhf5 Nb4 18. Bh3 Rc6 19. f3 Bxf5 20. Bxf5 g6 21. Bb1 Rc7 22. Ng2 Kg7 23. a3 Nc6 24. Ba2 Na5 25. Rac1 Rec8 26. Nf4 Nc4 27. Bxc4 Rxc4 28. Rxc4 Rxc4 29. e3 Qc6 30. Qe2 a5 31. Kg2 b5 32. h4 b4 33. axb4 axb4 34. Nd3 b3 35. Rd2 Qa4 36. Qd1 Nd7 37. Nc1 Rc2 38. Rxc2 bxc2 39. Qd2 Nb6 40. b3 Qc6 41. Kf2 Qc8 42. Ne2 Nd7 43. Kg2 Nf6 44. Nc3 g5 45. hxg5 hxg5 46. Qxc2 g4 47. f4 Ne4 48. b4 Qxc3 49. Qxc3 Nxc3 50. Kf2 Kf6 0-1


[Site "https://www.chess.com"]

[Event "Titled Tuesday Blitz October 04 Early 2022"]
[White "Kosakowski, Jakub"]
[Black "Sadubayev, Airat"]
[WhiteFideId "1185080"]
[BlackFideId "13713264"]
[WhiteElo "2463"]
[BlackElo "2215"]
[Result "1-0"]
[Round "07"]
[TimeControl "180+1"]
[Date "2022.10.04"]
[WhiteClock "0:01:16"]
[BlackClock "0:00:17"]

1. e4 c6 2. d4 d5 3. e5 Bf5 4. Nf3 e6 5. Be2 Ne7 6. O-O Nd7 7. Nbd2 Bg6 8. Nb3 Nf5 9. a4 Be7 10. a5 O-O 11. g4 Nh6 12. h3 Kh8 13. Bd3 Ng8 14. Re1 a6 15. Bxg6 fxg6 16. Be3 Nh6 17. Kg2 Nf7 18. Qd3 Ng5 19. Nfd2 Qc7 20. f4 Nf7 21. c4 Rad8 22. cxd5 cxd5 23. Rec1 Qb8 24. Rc2 Rc8 25. Rac1 Rxc2 26. Qxc2 Bd8 27. Nf3 Nh6 28. Ne1 Ng8 29. Nd3 Ne7 30. Ndc5 Nxc5 31. Nxc5 Qc8 32. Qb3 Bxa5 33. Nxb7 Bc7 34. Nc5 g5 35. f5 exf5 36. Bxg5 Ng6 37. Qb7 Bb8 38. Qxc8 Rxc8 39. gxf5 Nxe5 40. dxe5 Bxe5 41. Nd3 Rxc1 42. Bxc1 Bd4 43. Nf4 Kg8 44. Nxd5 g6 45. fxg6 hxg6 46. Kf3 Kf7 47. Ke4 Bc5 48. b4 Bd6 49. Bd2 Ke6 50. Nf4+ Kf7 51. Kd5 Bc7 52. Kc6 Be5 53. Kb6 Kf6 54. Kxa6 Kf5 55. b5 g5 56. Nd3 Bd6 57. Nf2 Bg3 58. Ng4 Ke4 59. Bxg5 Kf3 60. b6 Kg2 61. b7 Kxh3 62. Ne3 Be5 63. Nc4 Bg3 64. Be7 1-0


[Site "https://www.chess.com"]

[Event "Titled Tuesday Blitz October 04 Early 2022"]
[White "Le, Tuan Minh"]
[Black "Wirig, Anthony"]
[WhiteFideId "12401153"]
[BlackFideId "615013"]
[WhiteElo "2530"]
[BlackElo "2474"]
[Result "1-0"]
[Round "07"]
[TimeControl "180+1"]
[Date "2022.10.04"]
[WhiteClock "0:00:06"]
[BlackClock "0:00:05"]

1. d4 d5 2. Nf3 c6 3. Bf4 Bf5 4. e3 e6 5. c4 Qb6 6. Qb3 Qxb3 7. axb3 Bxb1 8. Rxb1 Bb4+ 9. Kd1 Nf6 10. Bd3 Nbd7 11. Ke2 Nh5 12. Bg3 Nxg3+ 13. hxg3 h6 14. g4 Ke7 15. g5 hxg5 16. Nxg5 a6 17. f4 Nf6 18. Nf3 Bd6 19. Rbg1 Ng4 20. Rh3 f5 21. Rgh1 Rh6 22. Rxh6 Nxh6 23. Ng5 Nf7 24. Nf3 Rh8 25. Rg1 g5 26. fxg5 Bg3 27. cxd5 cxd5 28. b4 Kd6 29. g6 Nd8 30. Rh1 Rg8 31. Rh6 Nc6 32. g7 Ke7 33. Rg6 Bd6 34. Ng5 Nd8 35. b5 a5 36. Kf3 a4 37. g4 fxg4+ 38. Kxg4 Bb4 39. Nh7 Kf7 40. Ng5+ Ke7 41. Bc2 Bd2 42. Kf3 Bc1 43. Bxa4 Bxb2 44. Bb3 Ba3 45. Nxe6 Nxe6 46. Bxd5 Rxg7 47. Rxe6+ Kd7 48. Rb6 Kc8 49. Ke4 Bc1 50. Re6 Kc7 51. b6+ Kd7 52. Kd3 Kd8 53. e4 Ba3 54. Kc4 Be7 55. Bxb7 Rg1 56. Kd5 Rb1 57. e5 Rb5+ 58. Ke4 Rb4 59. Kd3 Kd7 60. Rg6 Rb1 61. Ke4 Ke8 62. Bc6+ Kf7 63. Rh6 Kg7 64. Re6 Kf7 65. Bd5 Kf8 66. Rg6 Rb4 67. Rg8# 1-0


[Site "https://www.chess.com"]

[Event "Titled Tuesday Blitz October 04 Early 2022"]
[White "Nakamura, Hikaru"]
[Black "Andreikin, Dmitry"]
[WhiteFideId "2016192"]
[BlackFideId "4158814"]
[WhiteElo "2909"]
[BlackElo "2736"]
[Result "1/2-1/2"]
[Round "07"]
[TimeControl "180+1"]
[Date "2022.10.04"]
[WhiteClock "0:00:14"]
[BlackClock "0:00:07"]

1. e4 e6 2. d4 d5 3. Nd2 Nf6 4. e5 Nfd7 5. Bd3 c5 6. c3 Nc6 7. Ne2 cxd4 8. cxd4 f6 9. exf6 Nxf6 10. Nf3 Bd6 11. O-O O-O 12. Bf4 Bxf4 13. Nxf4 Ne4 14. Ne2 Rxf3 15. gxf3 Ng5 16. f4 Nh3+ 17. Kh1 Qh4 18. Qe1 Nxf4 19. Nxf4 Qxf4 20. Qe3 Qxd4 21. Qh3 g6 22. Qg3 e5 23. Rad1 Qg4 24. Bb5 Nd4 25. Ba4 Bf5 26. f3 Qxg3 27. hxg3 Rc8 28. Bb3 Nxb3 29. axb3 d4 30. Rfe1 Rc5 31. b4 Rb5 32. f4 exf4 33. Rxd4 Kf7 34. Rxf4 h5 35. Rc1 Kf6 36. Rc5 Rb6 37. Kg2 Rd6 38. Rc7 b6 39. Rxa7 Rd2+ 40. Rf2 Rd4 41. Rf4 Rd2+ 42. Kg1 Rxb2 43. Ra6 Kg5 44. Rxb6 Rb3 45. Kf2 Rb2+ 46. Kg1 Rb3 47. Kf2 Rb2+ 48. Kg1 1/2-1/2


[Site "https://www.chess.com"]

[Event "Titled Tuesday Blitz October 04 Early 2022"]
[White "Rohith Krishna S"]
[Black "Piesik, Piotr"]
[WhiteFideId "46617051"]
[BlackFideId "1136194"]
[WhiteElo "2270"]
[BlackElo "2323"]
[Result "0-1"]
[Round "07"]
[TimeControl "180+1"]
[Date "2022.10.04"]
[WhiteClock "0:00:51"]
[BlackClock "0:01:04"]

1. d4 c5 2. d5 e5 3. e4 d6 4. g3 Be7 5. Bg2 Bg5 6. Ne2 Bxc1 7. Qxc1 Ne7 8. a4 O-O 9. O-O Nd7 10. Na3 f5 11. Nc4 Nf6 12. f3 fxe4 13. fxe4 b6 14. Ne3 Ba6 15. c4 Bc8 16. Nc3 Bd7 17. b3 a6 18. h3 Qc8 19. Kh2 Qb7 20. Qc2 b5 21. a5 b4 22. Ne2 Rf7 23. Ng1 Raf8 24. Nf3 h6 25. Nh4 Qc8 26. Qe2 Nh7 27. Nf3 Ng6 28. Nd2 Rxf1 29. Rxf1 Rxf1 30. Bxf1 Qd8 31. Qh5 Ne7 32. Qh4 Nf6 33. Ng4 Bxg4 34. hxg4 Qxa5 35. g5 hxg5 36. Qxg5 Qa2 37. Kg1 Qa1 38. Nf3 Qc3 39. Nh4 Kf8 40. Nf5 Nxf5 41. exf5 Qxb3 42. Qh4 Qe3+ 0-1


[Site "https://www.chess.com"]

[Event "Titled Tuesday Blitz October 04 Early 2022"]
[White "Rustemov, Alexander"]
[Black "Lazavik, Denis"]
[WhiteFideId "4119002"]
[BlackFideId "13515110"]
[WhiteElo "2816"]
[BlackElo "2437"]
[Result "0-1"]
[Round "07"]
[TimeControl "180+1"]
[Date "2022.10.04"]
[WhiteClock "0:00:01"]
[BlackClock "0:00:04"]

1. Nf3 d5 2. e3 Nf6 3. b3 c6 4. Bb2 Bg4 5. h3 Bh5 6. g4 Bg6 7. Ne5 Nbd7 8. Nxg6 hxg6 9. Bg2 e6 10. d3 Bd6 11. Nd2 Qe7 12. a3 O-O-O 13. b4 Kb8 14. c4 Be5 15. d4 Bc7 16. Qc2 Nb6 17. O-O-O e5 18. c5 Nbd7 19. Nb3 exd4 20. Bxd4 Ne5 21. Kb2 Ne4 22. Ka2 f5 23. f3 Ng3 24. Rhe1 fxg4 25. fxg4 Rhf8 26. e4 dxe4 27. Bxe4 Qg5 28. Bxe5 Bxe5 29. Bxg6 Rxd1 30. Rxd1 Qe3 31. Rd3 Qg1 32. Qd2 Bc7 33. Bf5 g6 34. Rd7 Nf1 35. Qh6 Qf2+ 36. Nd2 Rc8 37. Bxg6 Ne3 38. Qg7 Nd5 39. Qb2 Qe3 40. Bf5 Be5 41. Qc2 Nc3+ 42. Kb2 Nb5+ 43. Ka2 Qxa3+ 44. Kb1 Qa1# 0-1


[Site "https://www.chess.com"]

[Event "Titled Tuesday Blitz October 04 Early 2022"]
[White "Safarli, Eltaj"]
[Black "Saydaliev, Saidakbar"]
[WhiteFideId "13402129"]
[BlackFideId "14203693"]
[WhiteElo "2634"]
[BlackElo "2276"]
[Result "0-1"]
[Round "07"]
[TimeControl "180+1"]
[Date "2022.10.04"]
[WhiteClock "0:00:11"]
[BlackClock "0:00:12"]

1. e4 e5 2. Nf3 Nc6 3. Bb5 a6 4. Ba4 Nf6 5. Nc3 b5 6. Bb3 Bc5 7. d3 d6 8. a4 Rb8 9. axb5 axb5 10. Nd5 h6 11. c3 Nxd5 12. Bxd5 Ne7 13. Bb3 Bb6 14. h3 O-O 15. O-O Be6 16. Bxe6 fxe6 17. d4 exd4 18. cxd4 Ng6 19. g3 Qf6 20. Kg2 e5 21. d5 Rf7 22. Nh2 Qe7 23. Qh5 Nf8 24. Ng4 Nh7 25. Qg6 Kh8 26. Be3 Bxe3 27. Nxe3 Rbf8 28. Nf5 Qd7 29. h4 Rf6 30. Qg4 Qf7 31. Qe2 Rxf5 32. exf5 Qxd5+ 33. Kg1 Rxf5 34. Rfd1 Qb7 35. Ra5 e4 36. Qg4 Rf8 37. b4 Qb6 38. Ra2 e3 39. fxe3 Qxe3+ 40. Kg2 Nf6 41. Qe2 Qb3 42. Rb2 Qa3 43. Rf1 Re8 44. Qc2 Re3 0-1


[Site "https://www.chess.com"]